[Event "*** Titled Tuesday Blitz"]
[Site "Chess.com"]
[Date "2021.04.20"]
[Round "11"]
[White "Komiagina_Maria"]
[Black "JiiHart"]
[Result "1-0"]
[WhiteElo "2204"]
[BlackElo "2009"]
[TimeControl "180+1"]
[EndTime "12:05:24 PDT"]
[Termination "Komiagina_Maria won on time"]

1. e4 c5 2. Nf3 Nc6 3. Bb5 g6 4. Bxc6 dxc6 5. d3 Bg4 6. Nc3 Bg7 7. h3 Bxf3 8. Qxf3 e5 9. Be3 b6 10. g4 h6 11. h4 Ne7 12. O-O-O Qd6 13. Kb1 Rf8 14.
Qg3 O-O-O 15. f4 Kb7 16. f5 Rg8 17. Qf3 gxf5 18. gxf5 a5 19. Ne2 a4 20. a3 b5 21.
Qf2 Kb6 22. Rhf1 Bf6 23. Bxh6 Nc8 24. Be3 Be7 25. f6 Bf8 26. h5 Rh8 27. Qf5 Kb7 28.
Rh1 b4 29. Ka2 Na7 30. c4 bxa3 31. bxa3 Ka8 32. Nc3 Rb8 33. Qf2 Rb3 34. Qc2 Bh6 35. Bxh6 1-0

[Event "*** Titled Tuesday Blitz"]
[Site "Chess.com"]
[Date "2021.04.20"]
[Round "11"]
[White "MaevskiyNikolay"]
[Black "FMOlexandrProhorov"]
[Result "1-0"]
[WhiteElo "2474"]
[BlackElo "2259"]
[TimeControl "180+1"]
[EndTime "12:05:26 PDT"]
[Termination "MaevskiyNikolay won by resignation"]

1. d4 Nf6 2. c4 c5 3. d5 b5 4. cxb5 a6 5. bxa6 Bxa6 6. Nc3 d6 7. Nf3 g6 8. g3 Bg7 9. Bg2 O-O 10. O-O Nbd7 11. Rb1 Qa5 12. Qc2 Rfb8 13. Rd1 Bb7 14. b3 Ng4 15. Bb2 Bxc3 16. Bxc3 Qxa2 17. Rb2 Qa6 18.
Qe4 Ndf6 19. Qf4 Bxd5 20. h3 Bxf3 21. Bxf3 Ne5 22. Bxa8 Qxa8 23. Bxe5 dxe5 24. Qxe5 Qb7 25. Qxc5 Rc8 26. Qd4 Ne4 27. h4 h5 28. b4 f5 29.
Qd5+ Qxd5 30. Rxd5 Rc1+ 31. Kg2 Nc3 32. Rd8+ Kf7 33. b5 Nd1 34. Rb3 1-0

[Event "*** Titled Tuesday Blitz"]
[Site "Chess.com"]
[Date "2021.04.20"]
[Round "11"]
[White "Gerodot71"]
[Black "Taktikmonster"]
[Result "1-0"]
[WhiteElo "2577"]
[BlackElo "2413"]
[TimeControl "180+1"]
[EndTime "12:05:27 PDT"]
[Termination "Gerodot71 won on time"]

1. d4 Nf6 2. c4 e6 3. Nf3 Bb4+ 4. Bd2 c5 5. Bxb4 cxb4 6. a3 bxa3 7. Nxa3 O-O 8. e3 Nc6 9. Be2 d6 10. O-O e5 11.
dxe5 dxe5 12. Qb1 Bg4 13. Rd1 Qe7 14. Nb5 Rfd8 15. h3 Bh5 16. Nc3 Nb4 17. Ra3 Bg6 18. Qc1 a6 19. Ra5 Nc6 20. Nd5 Nxd5 21. Raxd5 f6 22. c5 Bf7 23. Rd6 Rac8 24. Qb1 e4 25. Nh4 Qe5 26. Bg4 Rxd6 27. Rxd6 Qxc5 28. Rd7 Re8 29. Nf5 Nb4 30. Nd6 Rf8 31. Nxf7 Rxf7 32. Be6 1-0

[Event "*** Titled Tuesday Blitz"]
[Site "Chess.com"]
[Date "2021.04.20"]
[Round "11"]
[White "GM_LOADING"]
[Black "PowerThinking2650"]
[Result "1-0"]
[WhiteElo "2546"]
[BlackElo "2409"]
[TimeControl "180+1"]
[EndTime "12:05:28 PDT"]
[Termination "GM_LOADING won by resignation"]

1. e4 e5 2. Nf3 Nc6 3. Bc4 Nf6 4. d3 h6 5. O-O d6 6. a4 g6 7. d4 Qe7 8. Nc3 Bg4 9. h3 Bxf3 10. Qxf3 Nxd4 11.
Qd1 g5 12. Be3 Ne6 13. a5 c6 14. a6 b5 15. Nxb5 cxb5 16. Bxb5+ Kd8 17. Bc6 Rc8 18. Bb7 Nc5 19. Bxc8 Kxc8 20. b4 Ne6 21. b5 Nc5 22. b6 Kb8 23. bxa7+ Ka8 24. Qb1 Qxa7 25. Qb5 Qd7 26.
Qb6 Be7 27. Rfb1 Nfxe4 28. Qb7+ Nxb7 29. axb7+ Kb8 30. Ra8+ Kc7 31. Rxh8 1-0

[Event "*** Titled Tuesday Blitz"]
[Site "Chess.com"]
[Date "2021.04.20"]
[Round "11"]
[White "DamianoLew95"]
[Black "Witik"]
[Result "0-1"]
[WhiteElo "2515"]
[BlackElo "2668"]
[TimeControl "180+1"]
[EndTime "12:05:29 PDT"]
[Termination "Witik won by resignation"]

1. d4 Nf6 2. Bf4 d5 3. e3 c5 4. dxc5 e6 5. b4 Nc6 6. c3 a5 7.
Bb5 axb4 8. cxb4 Ne4 9. Nd2 Nc3 10. Bxc6+ bxc6 11. Qb3 Qf6 12. Ngf3 Na4 13. O-O Qe7 14. e4 Qb7 15. Rfe1 Be7 16. Rac1 O-O 17. a3 Rd8 18. e5 d4 19. Nxd4 Rxd4 20. Be3 Rd5 21. f4 Qb5 22. Ne4 Ba6 23. Red1 Qe2 24. Re1 Qb5 25.
Nd6 Bxd6 26. cxd6 c5 27. Rcd1 c4 28. Qc2 Bb7 29. Rxd5 Qxd5 30. Rd1 Qc6 31. d7 Rd8 32. Rd6 Qb5 33. Bf2 Rxd7 34. Qd1 Rxd6 35. Qxd6 h6 36. f5 exf5 37. e6 fxe6 38. Qd8+ Kh7 39. Bd4 Qd5 0-1

[Event "*** Titled Tuesday Blitz"]
[Site "Chess.com"]
[Date "2021.04.20"]
[Round "11"]
[White "MFguimaraes"]
[Black "annamaja"]
[Result "1-0"]
[WhiteElo "2403"]
[BlackElo "2280"]
[TimeControl "180+1"]
[EndTime "12:05:35 PDT"]
[Termination "MFguimaraes won by resignation"]

1. e4 e6 2. d4 d5 3. Bd3 Nf6 4. e5 Nfd7 5. Nf3 c5 6. c3 Nc6 7. O-O Be7 8. g3 O-O 9. h4 f6 10. exf6 Bxf6 11. Ng5 Bxg5 12. hxg5 g6 13. Be3 Qe7 14.
Nd2 e5 15. dxe5 Ndxe5 16. Be2 Bh3 17. Re1 Qf7 18. f4 Nd7 19. Bg4 Bxg4 20. Qxg4 d4 21. cxd4 cxd4 22. Bf2 Nc5 23. Rac1 Nd3 24. Ne4 Nxc1 25.
Nf6+ Kh8 26. Rxc1 Rad8 27. Kg2 Qg7 28. Qf3 Rxf6 29. gxf6 Qxf6 30. Rd1 Qe6 31. b3 Qd5 32. Qxd5 Rxd5 33. Kf3 Kg7 34. Ke4 Ra5 35. a4 b5 36.
Bxd4+ Nxd4 37. Rxd4 bxa4 38. Rxa4 Rb5 39. Rxa7+ Kf6 40.
Ra6+ Kg7 41. Ra3 h5 42. Kd4 Kf6 43. Kc4 Rb6 44. b4 Kf5 45. Kc5 Rb8 46. b5 h4 47.
gxh4 Kg4 48. Ra4 Rc8+ 49. Kd6 Rd8+ 50. Kc7 Rd1 51. b6 Rc1+ 52. Kb8 Rb1 53. b7 Kxh4 54. f5+ Kg5 55. fxg6 1-0

[Event "*** Titled Tuesday Blitz"]
[Site "Chess.com"]
[Date "2021.04.20"]
[Round "11"]
[White "RiskyDecision"]
[Black "Mr_Sinigami"]
[Result "1/2-1/2"]
[WhiteElo "2497"]
[BlackElo "2615"]
[TimeControl "180+1"]
[EndTime "12:05:36 PDT"]
[Termination "Game drawn by repetition"]

1. d4 Nf6 2. c4 c5 3. d5 b5 4. Qc2 b4 5. e4 d6 6. a3 Qb6 7.
axb4 Qxb4+ 8. Nc3 g6 9. Nf3 Bg7 10. h3 O-O 11. Bd3 Nbd7 12. O-O Qb7 13. b3 Ne8 14.
Bf4 Nc7 15. Rfe1 Na6 16. e5 Nb4 17. Qd2 dxe5 18. Nxe5 Nxe5 19. Bxe5 Bxe5 20. Rxe5 Nxd3 21. Qxd3 Qxb3 22. Rxe7 Bf5 23. Qe3 a5 24. g4 Bc2 25.
Nb5 Qxc4 26. Nc7 Ra7 27. d6 Qd4 28. Qxd4 cxd4 29. Nb5 Rxe7 30. dxe7 Re8 31. Nxd4 Bd3 32. Ra3 Bc4 33. Ra4 Bd3 34. Ra3 Bc4 35. Ra4 Bd3 36.
Ra3 1/2-1/2

[Event "*** Titled Tuesday Blitz"]
[Site "Chess.com"]
[Date "2021.04.20"]
[Round "11"]
[White "ErikBlomqvist"]
[Black "RobertoJBM"]
[Result "1-0"]
[WhiteElo "2588"]
[BlackElo "2703"]
[TimeControl "180+1"]
[EndTime "12:05:37 PDT"]
[Termination "ErikBlomqvist won by resignation"]

1. e4 c6 2. d4 d5 3. exd5 cxd5 4. Bd3 Nc6 5. c3 Nf6 6. h3 g6 7. Nf3 Bf5 8. Be2 Bg7 9. O-O O-O 10. Be3 Qc7 11. Nbd2 Rab8 12. Re1 b5 13. Rc1 Rfc8 14. Nb3 Nd7 15. Qd2 Qd8 16. Bf4 Rb7 17. g4 Be6 18.
Ng5 Nf8 19. Nc5 Rb6 20. Ngxe6 Nxe6 21. Nxe6 fxe6 22. Be3 Qd6 23. g5 Rf8 24. f4 b4 25.
Kg2 bxc3 26. bxc3 Na5 27. Rb1 Rfb8 28. Rxb6 Rxb6 29. Bg4 Nc4 30. Qf2 Kf7 31. Bc1 Qc7 32.
h4 Rc6 33. Qe2 Qb6 34. h5 gxh5 35. Bxh5+ Kf8 36. Qd3 Kg8 37. Bg4 Rd6 38. Rh1 Qa5 39. Qxh7+ Kf8 40. Qc2 Ra6 41. Qg6 Qxa2+ 42. Kg3 Qb3 43.
Bxe6 Qxc3+ 44. Kg4 Nd6 45. Rh8+ 1-0

[Event "*** Titled Tuesday Blitz"]
[Site "Chess.com"]
[Date "2021.04.20"]
[Round "11"]
[White "JoseRemolar"]
[Black "GoValya"]
[Result "1-0"]
[WhiteElo "2420"]
[BlackElo "2293"]
[TimeControl "180+1"]
[EndTime "12:05:39 PDT"]
[Termination "JoseRemolar won by checkmate"]

1. e4 e6 2. Nf3 d5 3. e5 c5 4.
b4 cxb4 5. a3 bxa3 6. d4 Nc6 7. c3 f6 8. Bd3 f5 9. g4 Nge7 10. Rg1 g6 11. Nxa3 fxg4 12. Rxg4 Bg7 13. Nb5 O-O 14. Nd6 Nf5 15. Bg5 Qd7 16. Bxf5 exf5 17. Rh4 Nd8 18. Qd2 Nf7 19. Nxf7 Rxf7 20. Kf1 Qb5+ 21. Kg2 Bd7 22. Rg1 Rc8 23. Kh1 Qc6 24.
Qf4 Qxc3 25. Bf6 Bxf6 26. exf6 Rcf8 27. Ne5 Be6 28. Rxg6+ Kh8 29. Rg7 Qe1+ 30. Kg2 Rxg7+ 31. fxg7+ Kxg7 32. Qh6+ Kh8 33. Qxh7# 1-0

[Event "*** Titled Tuesday Blitz"]
[Site "Chess.com"]
[Date "2021.04.20"]
[Round "11"]
[White "WcmDominicToretto"]
[Black "aljado"]
[Result "0-1"]
[WhiteElo "1864"]
[BlackElo "2046"]
[TimeControl "180+1"]
[EndTime "12:05:39 PDT"]
[Termination "aljado won by resignation"]

1. e4 c5 2. Nc3 Nc6 3. Bc4 e6 4. f4 d6 5. Nf3 g6 6. O-O Bg7 7. d3 Nge7 8. Bd2 O-O 9. Qe1 d5 10.
exd5 exd5 11. Bb5 Nd4 12. Nxd4 Bxd4+ 13. Kh1 a6 14. Ba4 b5 15. Bxb5 axb5 16. Nxb5 Bxb2 17. Rb1 Bg7 18. a3 Nf5 19. c4 d4 20. Qe4 Rb8 21.
a4 Bb7 22. Qe1 Re8 23. Qf2 Ne3 24. Bxe3 Rxe3 25. Rbd1 Qe7 26. f5 Re2 27. f6 Rxf2 28.
fxe7 Rxg2 29. Nd6 Re2+ 30. Nxb7 Rxb7 31. Rde1 Rbxe7 32. Rxe2 Rxe2 33. Ra1 Be5 34. a5 Rxh2+ 35. Kg1 Rd2 36. a6 Bb8 37. a7 Bxa7 38. Rxa7 Rxd3 39. Rd7 Rc3 40. Kf2 Rxc4 41. Ke2 Rc3 42. Kd2 h5 43.
Rd5 Kg7 44. Rd8 h4 45. Rd5 h3 46. Rg5 h2 0-1

[Event "*** Titled Tuesday Blitz"]
[Site "Chess.com"]
[Date "2021.04.20"]
[Round "11"]
[White "federicosellitti"]
[Black "Rozhkov_V"]
[Result "0-1"]
[WhiteElo "2591"]
[BlackElo "2478"]
[TimeControl "180+1"]
[EndTime "12:05:40 PDT"]
[Termination "Rozhkov_V won on time"]

1. e4 c5 2. Nc3 d6 3. g3 g6 4. Bg2 Bg7 5. d3 Nc6 6. Be3 Nd4 7. Qd2 h5 8. Nd1 h4 9. c3 Nc6 10. h3 hxg3 11. fxg3 Nf6 12. Ne2 Bd7 13.
Bg5 Qb6 14. Ne3 O-O-O 15. Bxf6 exf6 16. Nd5 Qa6 17. b4 Ne5 18. c4 f5 19. O-O fxe4 20.
dxe4 Bxh3 21. b5 Qa4 22. Rab1 Bxg2 23. Kxg2 Qxc4 24. Nec3 Kb8 25. b6 a6 26. Rbc1 Qd4 27.
Qe2 Qd3 28. Qf2 Rh2+ 29. Kxh2 Ng4+ 30. Kg2 Nxf2 31. Rxf2 Bxc3 32. Rxc3 Qxe4+ 33. Rcf3 Qxd5 34. Kg1 Qc6 35. Rb3 c4 36. Rb4 Qc5 37. a3 c3 38.
Kg2 c2 39. Rc4 Qxc4 0-1

[Event "*** Titled Tuesday Blitz"]
[Site "Chess.com"]
[Date "2021.04.20"]
[Round "11"]
[White "MrrRefrao"]
[Black "LittleMyMoomin"]
[Result "1-0"]
[WhiteElo "2368"]
[BlackElo "1907"]
[TimeControl "180+1"]
[EndTime "12:05:40 PDT"]
[Termination "MrrRefrao won by resignation"]

1. e4 c5 2. Nf3 e6 3. d4 cxd4 4. Nxd4 Nc6 5. Nc3 Qc7 6. Be3 a6 7. Qf3 Nf6 8. Nxc6 bxc6 9. Qg3 Qxg3 10. hxg3 d5 11. f3 c5 12. exd5 exd5 13. Na4 d4 14. Bd2 Rb8 15. O-O-O Be6 16. b3 c4 17. Re1 Ba3+ 18. Kb1 O-O 19. Rxe6 fxe6 20. Bxc4 Rfe8 21. Re1 Kf7 22. Bxa6 Nd5 23. Bd3 g6 24. Nb2 Ra8 25. Be4 Red8 26. Nc4 Be7 27. Ne5+ Kf6 28. Nc6 Rdc8 29.
Bxd5 exd5 30. Nxe7 Re8 31. Nxd5+ Kf7 32. a4 Rxe1+ 33.
Bxe1 Re8 34. Bb4 Re2 35. a5 Ke6 36. Nf4+ Kd7 37. Nxe2 Kc6 38. c4 dxc3 39. Nxc3 Kb7 40. Kc2 Ka6 41. Kd3 Kb7 42. g4 Ka6 43. g5 Kb7 44. g4 1-0

[Event "*** Titled Tuesday Blitz"]
[Site "Chess.com"]
[Date "2021.04.20"]
[Round "11"]
[White "ClydeHillKid"]
[Black "Roedor"]
[Result "1-0"]
[WhiteElo "2412"]
[BlackElo "2284"]
[TimeControl "180+1"]
[EndTime "12:05:41 PDT"]
[Termination "ClydeHillKid won on time"]

1. e4 c5 2. Nf3 d6 3. d4 cxd4 4. Nxd4 Nf6 5. Nc3 a6 6. Bd3 e5 7. Nde2 Be7 8. O-O Be6 9. Ng3 h5 10. h3 h4 11. Nge2 Nbd7 12. Be3 Rc8 13. f4 d5 14. f5 d4 15. fxe6 fxe6 16. Bf2 dxc3 17. Nxc3 Nf8 18. Qd2 Ng6 19. Qg5 Nf4 20. Qxe5 Nxd3 21.
cxd3 Qxd3 22. Qxe6 Qc4 23. Nd5 Nxd5 24. exd5 Rh6 25.
Qg8+ Kd7 26. Qxg7 Rd6 27. Rfe1 Re8 28. Rac1 Qxd5 29. Bc5 Re6 30. Red1 Re1+ 31. Rxe1 Rg8 32. Qxe7+ 1-0

[Event "*** Titled Tuesday Blitz"]
[Site "Chess.com"]
[Date "2021.04.20"]
[Round "11"]
[White "Vandros57"]
[Black "rugbyclub"]
[Result "1/2-1/2"]
[WhiteElo "2194"]
[BlackElo "2249"]
[TimeControl "180+1"]
[EndTime "12:05:41 PDT"]
[Termination "Game drawn by repetition"]

1. d4 d5 2. c4 e6 3. Nc3 Nf6 4. cxd5 exd5 5. Bg5 Be7 6. e3 c6 7. Bd3 Nbd7 8. Qc2 h6 9. Bh4 O-O 10. Nf3 Nh5 11. Bxe7 Qxe7 12. O-O Re8 13. Rab1 a5 14. a3 b5 15. b4 axb4 16. axb4 Nb6 17. Ne5 Bd7 18.
Bf5 Nf6 19. Bxd7 Nfxd7 20. Nxc6 Qf6 21. Nxb5 Rec8 22. Rfc1 Nc4 23. Ne5 Ndxe5 24. dxe5 Qxe5 25. Nd4 Na3 26. Qxc8+ Rxc8 27. Rxc8+ Kh7 28. Rbc1 Nc4 29. R1xc4 dxc4 30. Rxc4 Qe4 31. g3 h5 32. h4 f6 33.
Rc5 Qb1+ 34. Kg2 Qxb4 35. Rxh5+ Kg6 36. Rf5 Qb7+ 37. Rf3 Kf7 38. g4 g6 39. Kg3 Qc7+ 40. Kg2 Qe5 41. Rf4 Kg7 42. Kf3 Qd5+ 43. Kg3 Qd6 44. Kg2 Qd5+ 45. Kg3 Qd6 46. Kg2 Qd5+ 47. Kg3 1/2-1/2

[Event "*** Titled Tuesday Blitz"]
[Site "Chess.com"]
[Date "2021.04.20"]
[Round "11"]
[White "nrvisakh"]
[Black "attack2mateU"]
[Result "1-0"]
[WhiteElo "2804"]
[BlackElo "2710"]
[TimeControl "180+1"]
[EndTime "12:05:42 PDT"]
[Termination "nrvisakh won by resignation"]

1. e4 c5 2. Nf3 d6 3. d4 cxd4 4. Nxd4 Nf6 5. f3 e5 6. Bb5+ Nbd7 7. Nf5 d5 8. exd5 a6 9. Bxd7+ Bxd7 10. Ne3 Bc5 11. Nc3 Nh5 12. O-O f5 13. Kh1 f4 14.
Ne4 Bxe3 15. Bxe3 fxe3 16. f4 Qh4 17. g3 Qh3 18. fxe5 O-O-O 19. Qd4 Kb8 20. e6 Bc8 21. Qe5+ Ka8 22. Rfe1 Rhf8 23. e7 Bg4 24. exd8=Q+ Rxd8 25. Rxe3 Rf8 26. Rg1 Rf2 27. Nxf2 1-0

[Event "*** Titled Tuesday Blitz"]
[Site "Chess.com"]
[Date "2021.04.20"]
[Round "11"]
[White "The_filthy"]
[Black "FMalexhdez"]
[Result "1-0"]
[WhiteElo "2422"]
[BlackElo "2237"]
[TimeControl "180+1"]
[EndTime "12:05:42 PDT"]
[Termination "The_filthy won by resignation"]

1. e4 c5 2. Nf3 d6 3. d4 cxd4 4.
Nxd4 Nf6 5. Nc3 a6 6. Be3 e5 7. Nb3 Be6 8. f3 h5 9. Qd2 Nbd7 10. Be2 Rc8 11. O-O Be7 12. Nd5 Nxd5 13. exd5 Bf5 14. c4 h4 15. Rfc1 h3 16. g3 O-O 17. Na5 Qc7 18. b4 Bg6 19. a3 f5 20. Bf2 f4 21.
Bf1 e4 22. gxf4 exf3 23. Bxh3 Bf5 24. Bxf5 Rxf5 25. Qe3 Nf8 26. Qxf3 Bf6 27. Rab1 Ng6 28. Qg4 Ne7 29. Re1 Qd7 30. Re6 Rf8 31. Rbe1 g6 32. Bg3 Rf7 33. Kg2 Kg7 34. h4 Qd8 35. Nxb7 Qb6 36. Nxd6 Qxd6 37. Rxd6 1-0

[Event "*** Titled Tuesday Blitz"]
[Site "Chess.com"]
[Date "2021.04.20"]
[Round "11"]
[White "maxip32"]
[Black "Ladislav1969"]
[Result "0-1"]
[WhiteElo "2486"]
[BlackElo "2327"]
[TimeControl "180+1"]
[EndTime "12:05:43 PDT"]
[Termination "Ladislav1969 won on time"]

1. e4 c5 2. b4 e6 3. Nf3 cxb4 4. a3 d5 5. e5 Nc6 6. d4 bxa3 7. Bxa3 Bxa3 8.
Rxa3 Nge7 9. Bd3 Nf5 10. O-O Nfxd4 11. Nxd4 Nxd4 12. Qg4 Nf5 13. Bxf5 exf5 14. Qxg7 Rf8 15. Nc3 Be6 16. Nb5 Qb6 17. Nd6+ Kd7 18. Rb3 Rg8 19.
Qf6 Qd4 20. Rxb7+ Kc6 21. h3 Rxg2+ 22. Kxg2 Rg8+ 23. Kh1 Qf4 24. Rc7+ Kxc7 25. Qe7+ Bd7 26. Nb5+ Kb6 27. Qd6+ Bc6 28. f3 Qg3 0-1

[Event "*** Titled Tuesday Blitz"]
[Site "Chess.com"]
[Date "2021.04.20"]
[Round "11"]
[White "TST2014"]
[Black "DeTimmerman"]
[Result "1/2-1/2"]
[WhiteElo "2665"]
[BlackElo "2813"]
[TimeControl "180+1"]
[EndTime "12:05:44 PDT"]
[Termination "Game drawn by stalemate"]

1. d4 Nf6 2. c4 e6 3. Nf3 d5 4. Nc3 dxc4 5. e3 a6 6. a4 c5 7. Bxc4 cxd4 8. exd4 Nc6 9. O-O Be7 10. Be3 Nb4 11.
Qe2 Nbd5 12. Bg5 O-O 13. Rfe1 b6 14. Rad1 Bb7 15. Ne5 Nxc3 16. bxc3 Nd5 17. Bxe7 Qxe7 18. Bxd5 Bxd5 19. c4 Bb7 20. Qb2 Qc7 21. Rb1 f6 22. Qxb6 Qxb6 23. Rxb6 fxe5 24. Rxb7 exd4 25. Rxe6 Rfe8 26.
Rxe8+ Rxe8 27. Kf1 Rc8 28. Rb4 a5 29. Rb5 Rxc4 30.
Rxa5 d3 31. Ke1 Rc2 32. Rd5 Re2+ 33. Kf1 Ra2 34. Rxd3 Rxa4 35. g3 g5 36. Kg2 Kg7 37.
h3 h5 38. Kf3 Kf6 39. Rd6+ Kg7 40. Ke3 Rb4 41. Rd4 Rb3+ 42. Ke4 Rb2 43. Rd7+ Kf6 44. Rd6+ Kg7 45. f4 gxf4 46. Kxf4 h4 47. g4 Rb3 48. Kg5 Rxh3 49. Rg6+ Kf8 50. Rh6 Ra3 51. Rxh4 Kg7 52. Rh1 Ra6 53. Rb1 Rc6 54. Rb7+ Kg8 55. Kf5 Ra6 56.
Re7 Rb6 57. Re6 Rxe6 58. Kxe6 Kg7 59. Kf5 Kf7 60. Kg5 Kg7 61. Kh5 Kh7 62. Kg5 Kg7 63. Kf5 Kf7 64. Ke5 Kg6 65. Kf4 Kf6 66. g5+ Kg6 67.
Kg4 Kg7 68. Kh5 Kh7 69. Kh4 Kg6 70. Kg4 Kg7 71. Kf5 Kf7 72. g6+ Kg7 73. Kg5 Kg8 74. Kg4 Kg7 75. Kf5 Kg8 76. Kf6 Kf8 77. Ke5 Kg7 78. Kf5 Kg8 79. Kg4 Kg7 80. Kh5 Kg8 81.
Kh6 Kh8 82. g7+ Kg8 83. Kg6 1/2-1/2

[Event "*** Titled Tuesday Blitz"]
[Site "Chess.com"]
[Date "2021.04.20"]
[Round "11"]
[White "juancruzarias"]
[Black "jacky72"]
[Result "0-1"]
[WhiteElo "2568"]
[BlackElo "2708"]
[TimeControl "180+1"]
[EndTime "12:05:46 PDT"]
[Termination "jacky72 won by checkmate"]

1. d4 a6 2. Nf3 g6 3. e3 Bg7 4. Bd3 Nf6 5. O-O d6 6. c4 O-O 7.
Nc3 c5 8. h3 Nc6 9. Re1 Rb8 10.
a3 e5 11. dxe5 dxe5 12. Qc2 Be6 13. Ng5 Qe7 14. Nxe6 Qxe6 15. Bd2 Rfe8 16. f3 Red8 17. Rad1 Ne7 18. Re2 Rd7 19. Be1 Rbd8 20. Red2 h5 21. Bf2 b6 22. Qa4 e4 23. fxe4 a5 24. Nd5 Nc8 25.
Bc2 Kh8 26. Bh4 Rd6 27. Rf2 Qe5 28. Rdf1 g5 29. Rf5 Qxb2 30. Bxg5 Nxd5 31. Bxd8 Nxe3 32. Rxh5+ Rh6 33. Rxh6+ Bxh6 34. Qe8+ Kh7 35. Rxf7+ Bg7 36. e5+ Qxc2 37. Rxg7+ Kxg7 38. Bf6+ Kh6 39. Qh8+ Kg6 40. Qg8+ Kf5 41. g4+ Kf4 42. Qh7 Qg2# 0-1

[Event "*** Titled Tuesday Blitz"]
[Site "Chess.com"]
[Date "2021.04.20"]
[Round "11"]
[White "korbul"]
[Black "alejogarcia1999"]
[Result "0-1"]
[WhiteElo "2570"]
[BlackElo "2479"]
[TimeControl "180+1"]
[EndTime "12:05:46 PDT"]
[Termination "alejogarcia1999 won by checkmate"]

1. e4 c5 2. Nf3 e6 3. d4 cxd4 4. Nxd4 Nc6 5. Nc3 Nf6 6. Ndb5 d6 7. Bf4 e5 8. Bg5 a6 9. Na3 b5 10. Nd5 Be7 11. Bxf6 Bxf6 12. c3 Bg5 13. Nc2 Rb8 14. a4 bxa4 15. Ncb4 Nxb4 16. cxb4 O-O 17. Qxa4 f5 18.
exf5 Bxf5 19. Bc4 Kh8 20. O-O Bd2 21. Rad1 Qg5 22. Qxa6 Bh3 23. g3 Bxf1 24. Bxf1 Bxb4 25. Bg2 Bc5 26. b4 Bxf2+ 27. Kh1 Bd4 28. Qxd6 Rbd8 29.
Qe6 Qh5 30. Re1 Rfe8 31. Qc6 Bf2 32. Rf1 Bxg3 33. h3 Rf8 34. Rb1 Qf5 35. Rg1 e4 36. Ne3 Qf2 37. Ng4 Qxg1+ 38. Kxg1 Rd1+ 39. Bf1 Rfxf1+ 40. Kg2 Rg1# 0-1

[Event "*** Titled Tuesday Blitz"]
[Site "Chess.com"]
[Date "2021.04.20"]
[Round "11"]
[White "fastestmindalive"]
[Black "grzechu96"]
[Result "0-1"]
[WhiteElo "2750"]
[BlackElo "2698"]
[TimeControl "180+1"]
[EndTime "12:05:48 PDT"]
[Termination "grzechu96 won on time"]

1. e4 e5 2. Nf3 Nc6 3. d4 exd4 4.
Bc4 Nf6 5. e5 Ne4 6. Bd5 Nc5 7.
c3 d3 8. O-O Be7 9. b4 Ne6 10.
Qxd3 d6 11. exd6 Qxd6 12. Na3 O-O 13. Nc4 Qd8 14. Rd1 Bf6 15. Qc2 Ncd4 16. cxd4 Qxd5 17.
Ne3 Qh5 18. Bb2 Nf4 19. Qxc7 Nxg2 20. Kxg2 Qh3+ 21. Kg1 Qxf3 22. Qg3 Qe4 23. Rab1 Bd7 24. d5 Bxb2 25. Rxb2 f5 26. f4 Rf6 27. Kf2 Re8 28.
Qf3 Qe7 29. d6 Qd8 30. Rbd2 Rh6 31. Qg3 Rg6 32. Qf3 Qh4+ 33. Ke2 Bb5+ 34. Rd3 Rxd6 35.
a4 Bxd3+ 36. Rxd3 Qxh2+ 0-1

[Event "*** Titled Tuesday Blitz"]
[Site "Chess.com"]
[Date "2021.04.20"]
[Round "11"]
[White "SilviusTiberius"]
[Black "Nayemhaque22"]
[Result "1-0"]
[WhiteElo "2582"]
[BlackElo "2458"]
[TimeControl "180+1"]
[EndTime "12:05:48 PDT"]
[Termination "SilviusTiberius won by resignation"]

1. e4 c6 2. d4 d5 3. exd5 cxd5 4. Bd3 Nf6 5. c3 Nc6 6. Bf4 Bg4 7. Qb3 Qd7 8. Nd2 e6 9. Ngf3 Bd6 10. Bg3 O-O 11. O-O Bxg3 12. fxg3 Rab8 13. Rae1 b5 14. a3 a5 15. Ne5 Nxe5 16. dxe5 Ne8 17. Qc2 h6 18. h3 Bf5 19. Bxf5 exf5 20. Rxf5 Nc7 21. Nf3 Ne6 22. g4 b4 23. axb4 axb4 24. Qd2 Rfc8 25. Rf1 Qa7+ 26.
Kh2 bxc3 27. bxc3 Rb7 28. g5 hxg5 29. Nxg5 Nxg5 30. Qxg5 Qb8 31. R1f3 Rc6 32. Qf4 Qe8 33. Rg3 Rbc7 34. Rf6 Rxc3 35. Rxg7+ Kxg7 36. Qh6+ Kg8 37. Qg5+ Kf8 38. Rh6 f6 39. Rh8+ Ke7 40. Qxf6+ Kd7 41. Qd6+ Kc8 42. Rxe8+ Kb7 43. Qxd5+ 1-0

[Event "*** Titled Tuesday Blitz"]
[Site "Chess.com"]
[Date "2021.04.20"]
[Round "11"]
[White "ehrenfeld"]
[Black "Nils_03"]
[Result "0-1"]
[WhiteElo "2527"]
[BlackElo "2411"]
[TimeControl "180+1"]
[EndTime "12:05:48 PDT"]
[Termination "Nils_03 won by resignation"]

1. e4 c5 2. Nf3 d6 3. Bc4 Nc6 4. O-O Nf6 5. Re1 e5 6. h3 Be7 7. c3 O-O 8. d4 cxd4 9. cxd4 exd4 10. Nxd4 Re8 11. Nc3 Bf8 12. Bg5 h6 13. Bh4 g5 14.
Bg3 Ne5 15. Bb3 Bd7 16. h4 Rc8 17. hxg5 hxg5 18. Nd5 Nxd5 19. Bxd5 Qf6 20. Qb3 Bc6 21. Nf5 Ng6 22. Rad1 Nf4 23. Bxf4 gxf4 24. Qf3 Qg5 25. Bxc6 Rxc6 26. Rd5 Re5 27. Red1 Rxd5 28. Rxd5 Rc1+ 29.
Rd1 Rxd1+ 30. Qxd1 d5 31. Qxd5 f3 32. g3 Qc1+ 33.
Kh2 Qf1 34. Nh4 Qxf2+ 35. Kh3 Qf1+ 36. Kg4 f2 37. Qg5+ Bg7 38. Nf5 Qd1+ 39. Kh4 Qh1+ 40. Kg4 Qxe4+ 41. Kh5 Qf3+ 42. g4 Qh3+ 0-1

[Event "*** Titled Tuesday Blitz"]
[Site "Chess.com"]
[Date "2021.04.20"]
[Round "11"]
[White "seorobert1971"]
[Black "AlexTriapishko"]
[Result "1-0"]
[WhiteElo "2740"]
[BlackElo "2875"]
[TimeControl "180+1"]
[EndTime "12:05:50 PDT"]
[Termination "seorobert1971 won on time"]

1. Nf3 Nf6 2. d4 g6 3. c4 Bg7 4. Nc3 d5 5. Bg5 Ne4 6. Bh4 Nxc3 7. bxc3 dxc4 8. e3 Be6 9. Qb1 b6 10. Nd2 O-O 11. Nxc4 c5 12. Be2 cxd4 13. cxd4 Bxc4 14. Bxc4 Bxd4 15. exd4 Qxd4 16. Be2 Qxh4 17. Bf3 Nd7 18. Bxa8 Rxa8 19. O-O Nc5 20. Qc2 Qa4 21. Qe2 e6 22.
Rfd1 Rc8 23. Rac1 Qf4 24. g3 Qf6 25. Rd7 Nxd7 26. Rxc8+ Kg7 27. Rc7 Ne5 28. Rxa7 g5 29. h3 Nc6 30. Rb7 Nd4 31. Qe4 b5 32. Kg2 h5 33.
Rd7 Nf5 34. Rd3 h4 35. g4 Ne7 36. Rf3 Qb2 37. Qb7 Qb4 38. a3 Qc5 39. Qd7 e5 40.
Qe8 f6 41. Qd7 e4 42. Re3 Kf8 43. Rxe4 Qxa3 44. Qxb5 1-0

[Event "*** Titled Tuesday Blitz"]
[Site "Chess.com"]
[Date "2021.04.20"]
[Round "11"]
[White "Harald_Schmidt"]
[Black "AlexSuv"]
[Result "0-1"]
[WhiteElo "2399"]
[BlackElo "2561"]
[TimeControl "180+1"]
[EndTime "12:05:50 PDT"]
[Termination "AlexSuv won on time"]

1. e4 c5 2. Nf3 e6 3. c3 Nf6 4. e5 Nd5 5. d4 cxd4 6. cxd4 d6 7. Bc4 Be7 8. O-O O-O 9. Qe2 b6 10.
Nc3 Nxc3 11. bxc3 Bb7 12. Ba3 dxe5 13. Bxe7 Qxe7 14. Nxe5 Nd7 15. Nxf7 Rxf7 16. Qxe6 Qxe6 17. Bxe6 Kf8 18. Bxf7 Kxf7 19. Rfe1 Nf6 20. a4 Bd5 21. f3 Rc8 22. Re3 Bb3 23. a5 b5 24. a6 Nd5 25. Re5 Nxc3 26. Kf2 Nd5 27. Rb1 Rc2+ 28. Kg3 Bc4 29. h4 Ra2 30. h5 Rxa6 31. Kh4 Rd6 32.
Rbe1 Rd8 33. g4 h6 34. f4 b4 35.
g5 b3 36. Rf5+ Kg8 37. gxh6 gxh6 38. Rg1+ Kh8 0-1

[Event "*** Titled Tuesday Blitz"]
[Site "Chess.com"]
[Date "2021.04.20"]
[Round "11"]
[White "Mikhail_Golubev"]
[Black "BanjoKazooieN64"]
[Result "1-0"]
[WhiteElo "2578"]
[BlackElo "2445"]
[TimeControl "180+1"]
[EndTime "12:05:51 PDT"]
[Termination "Mikhail_Golubev won by resignation"]

1. e4 e6 2. Nc3 d5 3. d4 Bb4 4. e5 c5 5. a3 Bxc3+ 6. bxc3 Ne7 7. a4 Qa5 8. Bd2 Nbc6 9. Nf3 Bd7 10. Bb5 c4 11. O-O f6 12. exf6 gxf6 13. Re1 O-O-O 14. Bf4 Ng6 15. Bg3 Qxc3 16. Bxc6 Bxc6 17. Rxe6 Rhe8 18. Rxf6 Re2 19. Rc1 Rde8 20. Ne5 Qd2 21. Qxd2 Rxd2 22. Nxc6 bxc6 23. Rxc6+ Kd8 24. h4 Ree2 25. Rb1 Rxc2 26. Rb7 Rb2 27. Rxh7 Ne7 28. Rc5 Rb3 29. h5 c3 30. Bh4 c2 31. Bxe7+ Rxe7 32. Rxe7 Kxe7 33. Rxc2 Rb4 34. Rc7+ Kd6 35. Rxa7 Rxd4 36. h6 Rh4 37. h7 d4 38. Kf1 Kc5 39. Ke2 Kc4 40. Rc7+ Kb3 41. g3 Rh6 42. Kd3 1-0